 Dungeon Crawl Stone Soup version 0.32-a0-290-g598725c5f2 (webtiles) character file.

Game seed: 11273024556553415719

30 jasper the Chopper (level 3, -3/31 HPs)
             Began as a Mountain Dwarf Fighter on Feb 13, 2024.
             Was a Plaything of Xom.
             Slain by an ice beast (8 damage)
             ... on level 3 of the Dungeon.
             The game lasted 00:00:46 (265 turns).

jasper the Chopper (Mountain Dwarf Fighter)          Turns: 265, Time: 00:00:47

Health: -3/31      AC:  6    Str: 20    XL:     3   Next: 3%
Magic:  3/3        EV:  9    Int:  8    God:    Xom [..*...]
Gold:   31         SH:  4    Dex:  9    Spells: 2/2 levels left

rFire   . . .        a - +0 war axe
rCold   . . .        c - +0 buckler
rNeg    . . .        b - +0 scale mail
rPois   .            (no helmet)
rElec   .            (no cloak)
rCorr   .            (no gloves)
SInv    .            (no boots)
Will    .....        (no amulet) Stlth
                     (no ring)
HPRegen 0.25/turn    (no ring)
MPRegen 0.08/turn

%: no passive effects
@: mighty
A: runic magic, artefact enchanting
a: Renounce Religion


You were on level 3 of the Dungeon.
You worshipped Xom.
You were a toy of Xom.
You visited 1 branch of the dungeon, and saw 3 of its levels.

You collected 31 gold pieces.

Inventory:

Hand Weapons
 a - a +0 war axe (weapon)
Armour
 b - a +0 scale mail (worn)
 c - a +0 buckler (worn)
Scrolls
 e - 2 scrolls of identify {unknown}
 h - 3 scrolls of noise {unknown}
Potions
 f - a potion of enlightenment {unknown}
 g - a potion of ambrosia {unknown}


   Skills:
 - Level 3.2 Fighting
 + Level 4.3 Axes
 - Level 3.2 Armour
 - Level 3.2 Shields


You had 2 spell levels left.
You didn't know any spells.
Your spell library was empty.

Dungeon Overview and Level Annotations

Branches:
Dungeon (3/15)

Altars:
Xom


Innate Abilities, Weirdness & Mutations

Your spellcasting is much less encumbered by armour.
You can use scrolls of enchantment on lesser artefacts.


Message History

This altar belongs to (a) Nemelex Xobeh, (b) Xom or (c) Lugonu, but you can't tell which.
Press the corresponding letter to learn more about a god, or press enter to convert or escape to cancel.
Xom accepts your prayer! Xom welcomes you!
Xom is extremely interested.
You almost hear Xom's maniacal laughter.
The granite statue turns to stare at you.
You now have 24 gold pieces (gained 10).
You now have 31 gold pieces (gained 7).
Found a stone staircase leading up.
A frilled lizard comes into view.
The frilled lizard hisses angrily.
The frilled lizard moves out of view.
There is a stone staircase leading up here.
The frilled lizard bites you but does no damage.
You hit the frilled lizard.
You kill the frilled lizard!
You see here a frilled lizard corpse.
An ice beast comes into view.
An ice beast is nearby!
You feel very mighty all of a sudden.
The ice beast hits you but does no damage.
You slash the ice beast!
The ice beast is heavily wounded.
The ice beast hits you but does no damage.
You slash the ice beast!
The ice beast is severely wounded.
The ice beast hits you. The ice beast freezes you!
A shower of butterflies erupts from you!
The ice beast hits you. The ice beast freezes you!
* * * LOW HITPOINT WARNING * * *
You take 25 damage, and have 6/31 hp.
MASSIVE DAMAGE!!
You hit the ice beast.
The ice beast is almost dead.
The ice beast completely misses you.
You closely miss the ice beast.
The ice beast is almost dead.
The ice beast hits you.
* * * LOW HITPOINT WARNING * * *
The ice beast freezes you!
You die... ## ..############## #. ........<......##### #. .###...######.....# #. #bbb#

#####.###.
#...## #.....
#.b..## #####.
###.....### #>
#..Y@.#...#####
#.
#.#####.......#
#. #..
######### ##
... ## .# ##.
#.. ### #.. #..


You could see an ice beast (ally target).

Vanquished Creatures
  An adder (D:3)
  A ribbon worm (D:2)
  A ball python (D:3)
  An endoplasm (D:2)
  A giant cockroach (D:2)
  A goblin (D:2)
  2 hobgoblins (D:3)
  A kobold (D:3)
  A quokka (D:3)
  A frilled lizard (D:3)
11 creatures vanquished.

Notes
Turn   | Place    | Note
-------+----------+-------------------------------------------
     0 | D:1      | jasper the Mountain Dwarf Fighter began the quest for the
                  | Orb.
     0 | D:1      | Reached XP level 1. HP: 19/19 MP: 1/1
    26 | D:2      | Reached skill level 3 in Axes
    38 | D:2      | Reached XP level 2. HP: 23/26 MP: 2/2
    82 | D:3      | Reached skill level 4 in Axes
   135 | D:3      | Found a faded altar of an unknown god.
   164 | D:3      | Reached XP level 3. HP: 31/31 MP: 3/3
   174 | D:3      | Prayed at the altar of an unknown god.
   174 | D:3      | Became a worshipper of Xom of Chaos
   176 | D:3      | XOM: silly message
   258 | D:3      | Noticed an ice beast
   263 | D:3      | XOM: butterfly on damage
   265 | D:3      | Slain by an ice beast

Illustrated notes

Levels and vault maps discovered:
D:1:      dpeg_arrival_fog, layout_loops_corners
D:2:      layout_rooms, uniq_natasha
D:3:      layout_rooms, ebering_ecumenical_altar_ruins, serial_aquarium,
          aquarium_bridge_long_separate [aquarium_subvault_wall,
          aquarium_subvault_bridge, aquarium_subvault_bridge,
          aquarium_subvault_window, aquarium_subvault_wall,
          aquarium_subvault_bridge], aquarium_window_fake, aquarium_window_fake,
          aquarium_view_2f, aquarium_view_2a

Skill      XL: |  1  2 |
---------------+-------+-----
Axes           | 3 4 |  4.3
Fighting       | |  3.2
Armour         | |  3.2
Shields        | |  3.2

Action                     || total
---------------------------++-------
  Melee: War axe           ||    32
    Use: Potion            ||     1
 Armour: Scale mail        ||    23
  Dodge: Dodged            ||    10
  Block: Buckler           ||     6

Table legend: (Time is in decaauts)
 A = Elapsed time spent in this place.
 B = Non-inter-level travel time spent in this place.
 C = Inter-level travel time spent in this place.
 D = Time resting spent in this place.
 E = Time spent auto-exploring this place.
 F = Levels seen in this place.
 G = Mean time per level.
                   A        B        C        D        E       F      G
               +--------+--------+--------+--------+--------+-----+--------+
         Total |    275 |    263 |     12 |      0 |    168 |   3 |   91.7 |
       Dungeon |    275 |    263 |     12 |      0 |    168 |   3 |   91.7 |
               +--------+--------+--------+--------+--------+-----+--------+

Top non-repeatable levels by time:
     D:3: 233 daAuts
     D:2: 35 daAuts
     D:1: 7 daAuts
